 Dungeon Crawl Stone Soup version 0.25-a0-185-g6cfeca75b2 (webtiles) character file.

Game seed: 13526001589342361671, levelgen mode: deterministic

327 Jindul the Cutter (level 6, -1/42 HPs)
             Began as a Halfling Chaos Knight on Nov 28, 2019.
             Was a Plaything of Xom.
             Slain by a tengu (8 damage)
             ... on level 3 of the Dungeon.
             The game lasted 00:12:42 (1921 turns).

Jindul the Cutter (Halfling Chaos Knight)           Turns: 1921, Time: 00:12:43

Health: -1/42      AC:  6    Str: 13    XL:     6   Next: 79%
Magic:  6/6        EV: 15    Int: 10    God:    Xom [......]
Gold:   93         SH:  0    Dex: 16    Spells: 5/5 levels left

rFire    . . .     SeeInvis .   a - +0 short sword (chaos)
rCold    . . .     Gourm    .   (shield restricted)
rNeg     . . .     Faith    .   b - +3 leather armour
rPois    +         Spirit   .   (no helmet)
rElec    .         Reflect  .   (no cloak)
rCorr    .         Harm     .   (no gloves)
MR       .....                  (no boots)
Stlth    ++........             (no amulet)
HPRegen  0.14/turn              d - ring of poison resistance
MPRegen  0.10/turn              (no ring)

@: very slow
A: small, mutation resistance 1
a: Renounce Religion


You were on level 3 of the Dungeon.
You worshipped Xom.
You were a very special plaything of Xom.
You were not hungry.

You visited 1 branch of the dungeon, and saw 3 of its levels.
You also visited: Sewer.

You collected 93 gold pieces.

Inventory:

Hand Weapons
 a - a +0 short sword of chaos (weapon)
 f - a +1 dagger of draining
 l - a +0 rapier
Missiles
 k - 5 poisoned darts (quivered)
Armour
 b - a +3 leather armour (worn)
Jewellery
 d - a ring of poison resistance (left hand)
Scrolls
 g - a scroll of teleportation
 j - a scroll of fear
Potions
 e - a potion of curing
Comestibles
 c - a ration
 h - a chunk of flesh


   Skills:
 - Level 3.0 Fighting
 + Level 4.7 Short Blades
 + Level 2.2 Throwing
 - Level 3.1 Armour
 + Level 2.9 Dodging
 * Level 4.2 Stealth


You had 5 spell levels left.
You didn't know any spells.
Your spell library was empty.

Dungeon Overview and Level Annotations

Branches:
Dungeon (3/15)              Sewer (visited)

Altars:

Annotations:
D:2 Sigmund


Innate Abilities, Weirdness & Mutations

You are small and have problems with some larger weapons.
You are somewhat resistant to further mutation.


Message History

You hit the bullfrog. You burn the bullfrog.
You kill the bullfrog!
Your Stealth skill increases to level 4!
The tengu closely misses you. The tengu pecks you.
* * * LOW HITPOINT WARNING * * *
The tengu claws you but does no damage.
You enter the shallow water.
Moving in this stuff is going to be slow.
The tengu barely misses you. x2; The tengu claws you but does no damage.
There is an empty arch of ancient stone here.
There is a gate leading back out of this place here.
The tengu closely misses you. The tengu pecks you but does no damage.
The tengu claws you but does no damage.
Welcome back to the Dungeon!
There is a collapsed entrance here.
You enter the shallow water.
Moving in this stuff is going to be slow.
The tengu hits you!
You die...
Xom cackles wildly!

#.###########.# #. ..
#>#.............. #.##.
#........####....
#..#.#########.#...$...
#..........###.#.##....
...........##...##....
.###.........#######...?
.......≈≈≈......[....#..
#..≈@≈≈≈.÷.######.#..
#..≈Q.≈≈...# #.##.
#..≈≈≈≈≈...# #.##.
#...≈≈≈....... #.##.
#.............# #....
#.............# #####
#...######+#### #...
##.#


You could see a tengu.

Vanquished Creatures
  2 big kobolds (Sewer)
  A bullfrog (Sewer)
  An orc priest (D:3)
  A river rat (Sewer)
  4 adders
  3 oozes (Sewer)
  A worm (Sewer)
  2 orcs (D:3)
  3 giant cockroaches
  3 goblins (D:1)
  A hobgoblin (D:1)
  5 kobolds
  5 ball pythons
  6 bats
  A frilled lizard (D:1)
  10 rats
49 creatures vanquished.

Vanquished Creatures (collateral kills)
  A worm (D:3)
  A kobold (D:3)
  A bat (D:3)
3 creatures vanquished.

Grand Total: 52 creatures vanquished

Notes
Turn   | Place    | Note
-------+----------+-------------------------------------------
     0 | D:1      | Jindul the Halfling Chaos Knight began the quest for the
                  | Orb.
     0 | D:1      | Reached XP level 1. HP: 15/15 MP: 1/1
    64 | D:1      | Reached XP level 2. HP: 17/20 MP: 2/2
   207 | D:1      | XOM: silly message
   249 | D:1      | Reached skill level 1 in Stealth
   461 | D:1      | XOM: divination: detect creatures
   687 | D:1      | XOM: confuse monster(s)
   691 | D:1      | Reached XP level 3. HP: 25/25 MP: 3/3
   756 | D:2      | Noticed Sigmund
   835 | D:2      | XOM: divination: detect creatures
  1033 | D:3      | XOM: summons friendly quasit
  1045 | D:3      | Reached skill level 1 in Throwing
  1059 | D:3      | Reached XP level 4. HP: 15/31 MP: 4/4
  1081 | D:3      | XOM: butterfly on damage
  1179 | D:3      | Found a glowing drain.
  1194 | Sewer    | Entered a sewer
  1217 | Sewer    | XOM: harmless Chrm miscast
  1319 | Sewer    | Noticed a big kobold
  1350 | Sewer    | Reached XP level 5. HP: 36/36 MP: 5/5
  1582 | Sewer    | Noticed a big kobold
  1582 | Sewer    | Noticed a big kobold
  1592 | Sewer    | XOM: divination: detect items
  1593 | Sewer    | XOM: enchant monster (bad)
  1611 | Sewer    | Killed a big kobold
  1616 | Sewer    | Killed a big kobold
  1616 | Sewer    | Reached XP level 6. HP: 18/42 MP: 6/6
  1899 | Sewer    | Noticed a tengu
  1899 | Sewer    | a worm changed into a tengu
  1899 | Sewer    | XOM: polymorph worm -> tengu
  1921 | D:3      | Slain by a tengu

Levels and vault maps discovered:
D:1:      moated_graveyard_arrival, layout_loops_ring, minmay_shallow_snake_nest
D:2:      layout_rooms, kennysheep_okawaru_gauntlet, uniq_terence, uniq_sigmund,
          uniq_natasha
D:3:      layout_basic, first_ration, portal_sewer_entry_a, uniq_ijyb

Skill      XL: |  1  2  3  4  5  6 |
---------------+-------------------+-----
Stealth        | 1 2 3 4 |  4.2
Throwing       | 1 2 |  2.2
Fighting       | 3 |  3.0
Short Blades   | 4 |  4.7
Dodging        | 2 |  2.9
Armour         | 3 |  3.1

Action                   |  1- 3 |  4- 6 || total
-------------------------+-------+-------++-------
Melee: Short sword       |    82 |   110 ||   192
Throw: Dart              |       |     5 ||     5
  Use: Scroll            |     2 |     4 ||     6
       Potion            |     1 |     2 ||     3
 Stab: Sleeping          |     2 |       ||     2
       Confused          |     2 |     1 ||     3
  Eat: Chunk             |       |     2 ||     2
       Ration            |       |     1 ||     1
Armor: Leather armour    |    35 |    34 ||    69
Dodge: Dodged            |    44 |    60 ||   104

Table legend:
 A = Non-vault XP
 B = Vault XP
 C = Vault XP percentage of total XP
 D = Non-vault monster count
 E = Vault monster count
 F = Vault count percentage of total count
                 A         B        C        D         E       F
            +---------+---------+-------+---------+---------+-------
      Total |      91 |     377 |  80.6 |      30 |      22 |  42.3
            +---------+---------+-------+---------+---------+-------
        D:1 |      25 |      16 |  39.0 |      17 |       3 |  15.0
        D:3 |      66 |       5 |   7.0 |      13 |       3 |  18.8
      Sewer |       0 |     356 | 100.0 |       0 |      16 | 100.0
            +---------+---------+-------+---------+---------+-------
